 Dungeon Crawl Stone Soup version 0.32-a0-571-gec57dfcd37 (webtiles) character file.

Game seed: 16786389416659117934

96 CougarLife the Digger (level 4, -1/24 HPs)
             Began as a Gargoyle Earth Elementalist on Mar 1, 2024.
             Slain by Grinder (3 damage)
             ... while paralysed by Grinder
             ... on level 3 of the Dungeon.
             The game lasted 00:02:00 (2704 turns).

CougarLife the Digger (Gargoyle Earth Elementalist) Turns: 2704, Time: 00:02:00

Health: -1/24      AC:  6    Str: 12    XL:     4   Next: 67%
Magic:  5/8        EV:  2    Int: 17    God:
Gold:   198        SH:  0    Dex: 10    Spells: 8/9 levels left

rFire   . . .        (no weapon)
rCold   . . .        (no shield)
rNeg    + . .        a - +0 robe
rPois   ∞            b - +0 helmet
rElec   +            (no cloak)
rCorr   +            (no gloves)
SInv    .            (no boots)
Will    .....        (no amulet)
Stlth   ++           l - ring of resist corrosion
HPRegen 0.24/turn    (no ring)
MPRegen 0.11/turn

%: no passive effects
@: paralysed
A: sickness immunity, AC +3, negative energy resistance 1, electricity
resistance, torment resistance 1, petrification resistance
a: no special abilities


You were on level 3 of the Dungeon.
You visited 1 branch of the dungeon, and saw 3 of its levels.

You collected 198 gold pieces.

Inventory:

Armour
 a - a +0 robe (worn)
 b - a +0 helmet (worn)
 s - a +0 helmet
Jewellery
 l - a ring of resist corrosion (left hand)
Scrolls
 c - 2 scrolls of noise {unknown}
 d - a scroll of vulnerability {unknown}
 f - 3 scrolls of identify {unknown}
 g - a scroll of poison {unknown}
 i - a scroll of enchant armour {unknown}
 j - 2 scrolls of immolation {unknown}
 m - a scroll of teleportation {unknown}
 n - a scroll of amnesia {unknown}
 r - 2 scrolls of brand weapon {unknown}
Potions
 e - a potion of resistance {unknown}
 h - 3 potions of heal wounds {unknown}
 k - a potion of curing {unknown}
 o - a potion of enlightenment {unknown}
 p - a potion of attraction {unknown}
 q - a potion of brilliance {unknown}


   Skills:
 - Level 1.5 Dodging
 - Level 2.1 Stealth
 + Level 3.0 Spellcasting
 + Level 2.8 Conjurations
 + Level 4.6 Earth Magic


You had 8 spell levels left.
You knew the following spells:

 Your Spells              Type           Power      Damage    Failure   Level
a - Sandblast             Erth           36%        2d10      2%          1

Your spell library contained the following spells:

 Spells                   Type           Power      Damage    Failure   Level
 Passwall                 Erth           18%        N/A       8%          3
 Stone Arrow              Conj/Erth      30%        3d8       11%         3
 Brom's Barrelling Bould  Conj/Erth      15%        2d4       36%         4
 Petrify                  Alch/Erth      10%        N/A       54%         4


Dungeon Overview and Level Annotations

Branches:
Dungeon (3/15)

Altars:

Annotations:
D:3 Grinder


Innate Abilities, Weirdness & Mutations

You are immune to sickness and miasma.
Your stone body is resilient. (AC +3)
You are immune to poison.
You resist negative energy. (rN+)
You are resistant to electric shocks. (rElec)
You are resistant to unholy torment.
You are immune to petrification.


Message History

The blast of sand misses the orc.
The orc hits you with a +0 hand axe.
The blast of sand hits the orc but does no damage.
The orc closely misses you. The orc barely misses you.
The blast of sand hits the orc!
You kill the orc!
You can't see any susceptible monsters within range! (Use Z to cast anyway.) Magic restored.
Things that are here:
a +0 short sword; a +0 leather armour
There is a shaft here.
p - a silvery potion You can't see any susceptible monsters within range! (Use Z to cast anyway.)
r - 2 scrolls labelled ZEOCVA IJATOVI (gained 1) Grinder comes into view.
Grinder shouts!
Grinder gestures at you.
You suddenly lose the ability to move!
You can move again.
Unknown command.
The blast of sand hits Grinder!
Grinder is moderately wounded.
Grinder barely misses you.
The blast of sand misses Grinder.
Grinder hits you!
You writhe in agony.
The blast of sand hits Grinder.
Grinder is heavily wounded.
Grinder hits you but does no damage. x2
The blast of sand hits Grinder!
Grinder is heavily wounded.
Grinder gestures at you.
You suddenly lose the ability to move!
Grinder hits you.
You writhe in agony.
* * * LOW HITPOINT WARNING * * *
Grinder gestures at you. Pain shoots through your body!
* * * LOW HITPOINT WARNING * * *
Grinder gestures at you. You resist with significant effort. Grinder hits you.
You die...
Grinder says, "Hey, I wasn't done torturing you yet!"

#.# #..##.. ##.#######
##..#### #.........
.#..# ##..# .#..#
#...# .#..# #..##
.#..# ###..#######
.#..#
##..........#####5#..#
...#.^####......@....#
...#.)####..##......##
##...)......##.##.###
###............ .#
########.####### #..
###


You could see Grinder.

Vanquished Creatures
  Robin (D:3)
  An adder (D:3)
  3 ribbon worms
  5 dart slugs
  3 orcs (D:3)
  5 endoplasms
  2 giant cockroaches
  10 goblins
  2 hobgoblins
  3 jackals (D:3)
  5 kobolds
  6 ball pythons
  7 bats
  3 frilled lizards
  2 rats
58 creatures vanquished.

Notes
Turn   | Place    | Note
-------+----------+-------------------------------------------
     0 | D:1      | CougarLife the Gargoyle Earth Elementalist began the quest
                  | for the Orb.
     0 | D:1      | Reached XP level 1. HP: 10/10 MP: 3/3
   262 | D:1      | Reached XP level 2. HP: 15/15 MP: 1/5
  1075 | D:2      | Reached skill level 4 in Earth Magic
  1267 | D:2      | Reached XP level 3. HP: 19/19 MP: 2/6
  2307 | D:3      | Reached XP level 4. HP: 24/24 MP: 5/8
  2441 | D:3      | Noticed Robin
  2452 | D:3      | Killed Robin
  2693 | D:3      | Noticed Grinder
  2693 | D:3      | Paralysed by Grinder for 4 turns
  2700 | D:3      | Paralysed by Grinder for 5 turns
  2704 | D:3      | Slain by Grinder

Illustrated notes

Levels and vault maps discovered:
D:1:      lemuel_arrival_broad_hall, layout_basic, serial_forest,
          infiniplex_forest_end_2, infiniplex_forest_clump_C,
          infiniplex_forest_straight_4, infiniplex_forest_end_3,
          infiniplex_forest_clump_tiny, infiniplex_forest_straight_3,
          infiniplex_forest_zigzag_2
D:2:      layout_rooms, grunt_ministairs_10
D:3:      layout_loops_ring, amethyst_overflow_temple_binary, minmay_between,
          uniq_grinder, uniq_robin, uniq_sigmund

Skill      XL: |  1  2  3  4 |
---------------+-------------+-----
Earth Magic    | 4 |  4.6
Conjurations   | 2 |  2.8
Spellcasting   | 3 |  3.0
Dodging        | |  1.5
Stealth        | |  2.1

Action                     |  1- 3 |  4- 6 || total
---------------------------+-------+-------++-------
  Melee: Unarmed           |    10 |     4 ||    14
         Punch             |       |     1 ||     1
   Cast: Sandblast         |    61 |    27 ||    88
    Use: Potion            |       |     1 ||     1
 Armour: Robe              |    24 |    35 ||    59
  Dodge: Dodged            |    32 |    18 ||    50

Table legend: (Time is in decaauts)
 A = Elapsed time spent in this place.
 B = Non-inter-level travel time spent in this place.
 C = Inter-level travel time spent in this place.
 D = Time resting spent in this place.
 E = Time spent auto-exploring this place.
 F = Levels seen in this place.
 G = Mean time per level.
                   A        B        C        D        E       F      G
               +--------+--------+--------+--------+--------+-----+--------+
         Total |   2747 |   2713 |     34 |    237 |   2096 |   3 |  915.7 |
       Dungeon |   2747 |   2713 |     34 |    237 |   2096 |   3 |  915.7 |
               +--------+--------+--------+--------+--------+-----+--------+

Top non-repeatable levels by time:
     D:1: 993 daAuts
     D:3: 878 daAuts
     D:2: 875 daAuts
